 Dungeon Crawl Stone Soup version 0.31-a0-744-gbc345e7fcb (webtiles) character file.

Game seed: 3116686860308815160

749 Dittersdorf the Shield-Bearer (level 7, -1/44 HPs)
             Began as a Gargoyle Fighter on Sept 13, 2023.
             Was an Initiate of Gozag.
             Slain by an ogre
             ... wielding a +0 giant club
              (22 damage)
             ... on level 5 of the Dungeon.
             The game lasted 00:04:26 (3091 turns).

Dittersdorf the Shield-Bearer (Gargoyle Fighter)    Turns: 3091, Time: 00:04:27

Health: -1/44      AC: 18    Str: 21    XL:     7   Next: 77%
Magic:  7/7        EV:  8    Int:  9    God:    Gozag
Gold:   244        SH: 10    Dex:  9    Spells: 6/6 levels left

rFire   . . .        a - +0 flail
rCold   . . .        c - +0 buckler
rNeg    + . .        w - +0 chain mail
rPois   ∞            v - +0 helmet
rElec   +            (no cloak)
rCorr   .            u - +0 pair of gloves
SInv    .            m - +0 pair of boots
Will    .....        t - amulet of reflection Stlth
                     (no ring)
HPRegen 0.27/turn    (no ring)
MPRegen 0.10/turn

%: reflection
@: gold aura
A: sickness immunity, AC +4, negative energy resistance 1, electricity
resistance, torment resistance 1, petrification resistance
a: Renounce Religion, Potion Petition, Call Merchant, Bribe Branch


You were on level 5 of the Dungeon.
You worshipped Gozag.
Gozag was aware of your devotion.
You visited 1 branch of the dungeon, and saw 5 of its levels.

You collected 306 gold pieces.
You paid 62 gold pieces to Gozag.

Inventory:

Hand Weapons
 a - a +0 flail (weapon)
Missiles
 f - 4 throwing nets
Armour
 c - a +0 buckler (worn)
 m - a +0 pair of boots (worn)
 u - a +0 pair of gloves (worn)
 v - a +0 helmet (worn)
 w - a +0 chain mail (worn)
Jewellery
 h - a ring of fire
 t - an amulet of reflection (around neck)
Scrolls
 e - 2 scrolls of identify {unknown}
 i - a scroll of enchant weapon {unknown}
 j - a scroll of vulnerability {unknown}
 l - a scroll of noise {unknown}
 n - a scroll of revelation {unknown}
 r - 3 scrolls of summoning {unknown}
Potions
 d - a potion of might
 g - a potion of cancellation {unknown}
 k - a potion of resistance {unknown}
 o - 2 potions of heal wounds {unknown}
 p - 2 potions of mutation {unknown}
 q - a potion of curing {unknown}


   Skills:
 + Level 5.6 Fighting
 + Level 4.5 Maces & Flails
 + Level 5.5 Armour
 + Level 5.6 Shields


You had 6 spell levels left.
You didn't know any spells.
Your spell library contained the following spells:

 Spells                   Type           Power      Damage    Failure   Level
 Apportation              Tloc           0%         N/A       97%         1
 Necrotise                Necr           0%         1d4       97%         1
 Summon Small Mammal      Summ           0%         N/A       97%         1


Dungeon Overview and Level Annotations

Branches:
Dungeon (5/15)
 Temple: D:4-7

Altars:
Ashenzari
Elyvilon
Gozag
Uskayaw
Xom
Yredelemnul
Zin
The Shining One

Shops:
D:4 *


Innate Abilities, Weirdness & Mutations

You are immune to sickness and miasma.
Your stone body is resilient. (AC +4)
You are immune to poison.
You resist negative energy. (rN+)
You are resistant to electric shocks. (rElec)
You are resistant to unholy torment.
You are immune to petrification.


Message History

You thump the shadow imp!
The shadow imp is almost dead.
You block the shadow imp's attack.
You hit the shadow imp.
You kill the shadow imp!
You barely miss the ogre. The ogre hits you with a +0 giant club.
You hit the ogre.
The ogre is lightly wounded.
The ogre barely misses you.
You barely miss the ogre.
The ogre is lightly wounded.
The ogre hits you with a +0 giant club!!
You are too injured to fight recklessly!
You are too injured to fight recklessly!
You are too injured to fight recklessly!
You are too injured to fight recklessly!
You are too injured to fight recklessly!
You are too injured to fight recklessly!
You are too injured to fight recklessly!
You are too injured to fight recklessly!
You are too injured to fight recklessly!
You are too injured to fight recklessly!
You are too injured to fight recklessly!
You are too injured to fight recklessly!
You are too injured to fight recklessly!
You are too injured to fight recklessly!
You are too injured to fight recklessly!
You are too injured to fight recklessly!
You are too injured to fight recklessly!
You hit the ogre.
The ogre is moderately wounded.
The ogre hits you but does no damage.
You sock the ogre!
The ogre is severely wounded.
You barely miss the ogre.
The ogre is severely wounded.
The ogre hits you with a +0 giant club!!
Ouch! That really hurt!
You die...
Your body crumbles into a pile of gold.

#.###+###.##### #.# #.# #.#
#.###.###.# # #.###_..'.#
#. #.###.###.#
####.########.# #.# #.#####
..............###'###......
......######..........#####
.........O@................
........###################
####+#..# #..# #..# #..#
#.$# #..# #..#


You could see an ogre.

Vanquished Creatures
  A black bear (D:4)
  A scorpion (D:4)
  A water moccasin zombie (D:4)
  3 wights (D:4)
  A centaur zombie (D:4)
  A hound (D:5)
  A human zombie (D:4)
  An iguana (D:4)
  2 scorpion zombies (D:4)
  A hound zombie (D:4)
  A mummy (D:4)
  3 gnolls (D:5)
  8 adders
  A shadow imp (D:5)
  2 adder zombies (D:4)
  A worm (D:3)
  5 orcs
  7 endoplasms
  2 giant cockroaches (D:3)
  8 goblins
  4 hobgoblins
  3 jackals (D:1)
  11 kobolds
  13 ball pythons
  4 bats
  3 frilled lizards
  4 rats
93 creatures vanquished.

Notes
Turn   | Place    | Note
-------+----------+-------------------------------------------
     0 | D:1      | Dittersdorf the Gargoyle Fighter began the quest for the
                  | Orb.
     0 | D:1      | Reached XP level 1. HP: 14/14 MP: 1/1
   117 | D:1      | Reached XP level 2. HP: 19/19 MP: 2/2
   525 | D:2      | Reached XP level 3. HP: 23/23 MP: 3/3
   859 | D:2      | Found a faded altar of an unknown god.
   991 | D:2      | Reached XP level 4. HP: 27/29 MP: 4/4
  1205 | D:3      | Found a broken altar of Ashenzari.
  1622 | D:3      | Found a hide-covered altar of Uskayaw.
  1964 | D:4      | Reached XP level 5. HP: 26/33 MP: 5/5
  2115 | D:4      | Noticed a black bear
  2118 | D:4      | Reached XP level 6. HP: 39/39 MP: 6/6
  2133 | D:4      | Killed a black bear
  2396 | D:4      | Found Gozag's Platinum Reserve.
  2400 | D:4      | Found an opulent altar of Gozag.
  2425 | D:4      | Became a worshipper of Gozag Ym Sagoz the Greedy
  2450 | D:4      | Found a glowing golden altar of the Shining One.
  2461 | D:4      | Found a glowing silver altar of Zin.
  2524 | D:4      | Found a white marble altar of Elyvilon.
  2604 | D:4      | Reached skill level 5 in Fighting
  2604 | D:4      | Reached skill level 5 in Shields
  2631 | D:4      | Reached skill level 5 in Armour
  2631 | D:4      | Reached XP level 7. HP: 44/44 MP: 7/7
  2757 | D:4      | Found a basalt altar of Yredelemnul.
  2913 | D:5      | Entered Level 5 of the Dungeon
  3055 | D:5      | Found a shimmering altar of Xom.
  3091 | D:5      | Slain by an ogre

Illustrated notes

Levels and vault maps discovered:
D:1:      sevenhm_arrival_forest_fort_large_2, layout_rooms
D:2:      layout_loops_ring, shapermc_ecumenical_altar_gd, due_unseen_surprise
D:3:      layout_loops_ring, nicolae_uskayaw_suspiria,
          mainiacjoe_overflow_tiny_flanked
D:4:      layout_cave_pools, dreamdust_divine_triumvirate,
          nicolae_gozag_zags_fifth_avenue, lemuel_mausoleum_altar_yredelemnul
D:5:      layout_basic, lemuel_doored_altar, serial_shops,
          nicolae_shop_pleasant_corner_grove

Skill      XL: |  1  2  3  4  5  6 |
---------------+-------------------+-----
Shields        | 4 5 |  5.6
Fighting       | 4 5 |  5.6
Armour         | 4 5 |  5.5
Maces & Flails | 3 4 |  4.5

Action                     |  1- 3 |  4- 6 |  7- 9 || total
---------------------------+-------+-------+-------++-------
  Melee: Flail             |   118 |   213 |   111 ||   442
    Use: Scroll            |       |       |     1 ||     1
 Armour: Scale mail        |    81 |   152 |       ||   233
         Chain mail        |       |    11 |    58 ||    69
  Dodge: Dodged            |    48 |   105 |    27 ||   180
  Block: Buckler           |    39 |    64 |    49 ||   152

Table legend: (Time is in decaauts)
 A = Elapsed time spent in this place.
 B = Non-inter-level travel time spent in this place.
 C = Inter-level travel time spent in this place.
 D = Time resting spent in this place.
 E = Time spent auto-exploring this place.
 F = Levels seen in this place.
 G = Mean time per level.
                   A        B        C        D        E       F      G
               +--------+--------+--------+--------+--------+-----+--------+
         Total |   3210 |   3027 |    183 |      9 |   2085 |   5 |  642.0 |
       Dungeon |   3210 |   3027 |    183 |      9 |   2085 |   5 |  642.0 |
               +--------+--------+--------+--------+--------+-----+--------+

Top non-repeatable levels by time:
     D:4: 1083 daAuts
     D:3: 717 daAuts
     D:2: 694 daAuts
     D:1: 547 daAuts
     D:5: 166 daAuts
